 Dungeon Crawl Stone Soup version 0.30.0-10-gfe55d96785 (webtiles) character file.

Game seed: 5179535508729765859

8571 Jase the Severer (level 11, -6/94 HPs)
             Began as a Hill Orc Fighter on May 13, 2023.
             Was a High Priest of Beogh.
             Mangled by an ogre
             ... wielding a +0 giant spiked club
              (28 damage)
             ... on level 10 of the Dungeon on May 14, 2023.
             The game lasted 00:51:40 (9420 turns).

Jase the Severer (Hill Orc Fighter)                 Turns: 9420, Time: 00:51:41

Health: -6/94      AC: 18    Str: 24    XL:     11   Next: 33%
Magic:  19/19      EV:  7    Int: 11    God:    Beogh [*****.]
Gold:   372        SH:  0    Dex: 10    Spells: 10/10 levels left

rFire   + + .        b - +11 hand axe "Birelez" {speed, Int+3}
rCold   + . .        (no shield)
rNeg    . . .        K - +2 plate armour {rF+}
rPois   .            g - +0 helmet
rElec   .            m - scarf {rC+ rF+}
rCorr   .            G - +0 pair of gloves
SInv    +            (no boots)
Will    +....        o - amulet of regeneration Stlth
                     t - ring of willpower
HPRegen 1.15/turn    H - ring of see invisible
MPRegen 0.16/turn

%: no passive effects
@: lethally poisoned (-6 -> -16), slowed, very slow
A: walk on water
a: Renounce Religion, Smiting, Recall Orcish Followers, Give Item to Named
Follower


You were on level 10 of the Dungeon.
You worshipped Beogh.
Beogh was extremely pleased with you.
You visited 1 branch of the dungeon, and saw 10 of its levels.
You also visited: Bailey.

You collected 652 gold pieces.
You spent 280 gold pieces at shops.

Inventory:

Hand Weapons
 a - a +2 executioner's axe of freezing
 b - the +11 hand axe "Birelez" (weapon) {speed, Int+3}
   (You found it on level 6 of the Dungeon)

   Int:       It affects your intelligence (+3).
Missiles
 n - 43 poisoned darts (quivered)
 I - a curare-tipped dart
Armour
 g - a +0 helmet (worn)
 m - a scarf of resistance (worn)
 G - a +0 pair of gloves (worn)
 K - a +2 plate armour of fire resistance (worn)
Jewellery
 o - an amulet of regeneration (around neck)
 t - a ring of willpower (left hand)
 H - a ring of see invisible (right hand)
Wands
 s - a wand of roots (10)
 A - a wand of flame (15)
 C - a wand of mindburst (15)
 E - a wand of light (7)
 F - a wand of paralysis (27)
Scrolls
 e - 2 scrolls of vulnerability {unknown}
 h - 6 scrolls of teleportation {unknown}
 r - 3 scrolls of enchant armour {unknown}
 u - 2 scrolls of fear {unknown}
 v - 2 scrolls of amnesia {unknown}
 x - 2 scrolls of noise {unknown}
 y - 4 scrolls of enchant weapon
 D - 2 scrolls of blinking
 J - a scroll of immolation
 L - a scroll of identify
Potions
 c - a potion of ambrosia
 d - a potion of might
 f - 2 potions of flight
 i - 3 potions of curing
 j - 4 potions of haste
 k - 2 potions of attraction
 l - 2 potions of berserk rage
 p - 2 potions of invisibility
 q - 3 potions of magic
 w - 2 potions of lignification
 z - 2 potions of mutation
 B - a potion of heal wounds


   Skills:
 + Level 8.1 Fighting
 * Level 16.0 Axes
 + Level 7.4 Armour
 - Level 3.2 Shields
 + Level 11.1 Invocations


You had 10 spell levels left.
You didn't know any spells.
Your spell library contained the following spells:

 Spells                   Type           Power      Damage    Failure   Level
 Magic Dart               Conj           0%         1d3       99%         1
 Slow                     Hex            0%         N/A       99%         1
 Blink                    Tloc           0%         N/A       100%        2
 Call Imp                 Summ           0%         N/A       100%        2
 Cigotuvi's Dreadful Rot  Necr/Pois/Air  0%         N/A       100%        2
 Lesser Beckoning         Tloc           0%         N/A       100%        2
 Confusing Touch          Hex            0%         N/A       100%        3
 Gell's Gravitas          Tloc           0%         N/A       100%        3
 Ignite Poison            Fire/Tmut/Pois 0%         N/A       100%        3
 Mephitic Cloud           Conj/Pois/Air  0%         N/A       100%        3
 Teleport Other           Tloc           0%         N/A       100%        3
 Tukima's Dance           Hex            0%         N/A       100%        3
 Vampiric Draining        Necr           0%         2d6       100%        3
 Manifold Assault         Tloc           0%         N/A       100%        4
 Passage of Golubria      Tloc           0%         N/A       100%        4
 Freezing Cloud           Conj/Ice/Air   0%         6-21      100%        5
 Yara's Violent Unravell  Hex/Tmut       0%         3d3       100%        5
 Storm Form               Tmut/Air       0%         N/A       100%        7


Dungeon Overview and Level Annotations

Branches:
Dungeon (10/15)            Temple (0/1) D:4             Orc (0/2) D:10
 Bailey (visited)
   Lair: D:8-11

Altars:
Elyvilon
Hepliaklqana
Kikubaaqudgha
Makhleb
Wu Jian
Beogh

Shops:
D:1 !   D:2 [   D:6 [

Annotations:
D:3 1 runed translucent door, Crazy Yiuf
D:8 3 exclusions


Message History

You feel very sick.
Your orc warrior hits the kobold brigand from afar with a +0 glaive.
Unknown command.
You barely miss the kobold brigand.
The kobold brigand is almost dead.
You hit the orc warrior. You hit the troll.
You feel sick.
The orc warrior hits you with a +0 scimitar!
The gnoll sergeant barely misses you.
The kobold brigand hits you but does no damage.
The troll bites you! The troll claws you but does no damage.
The troll claws you!
Your orc warrior hits the kobold brigand from afar with a +0 glaive!
The kobold brigand dies!
Beogh accepts your kill.
Your Axes skill increases to level 16!
You closely miss the orc warrior.
The orc warrior is heavily wounded.
You slash the troll!
You feel sick. The troll bites you! The troll completely misses you.
The troll barely misses you.
The orc warrior hits you but does no damage.
The gnoll sergeant barely misses you.
Unknown command.
You barely miss the troll.
The troll is heavily wounded.
You hit the orc warrior. You hit the ogre.
You feel sick.
Your orc warrior hits the troll from afar with a +0 glaive!
Unknown command.
You barely miss the troll.
The troll is almost dead.
You slash the ogre!
You hit the orc warrior but do no damage.
You feel sick. The troll bites you but does no damage.
The troll claws you but does no damage. The troll claws you!
* * * LOW HITPOINT WARNING * * *
The orc warrior hits you with a +0 scimitar.
* * * LOW HITPOINT WARNING * * *
The gnoll sergeant hits you but does no damage.
You are more poisoned.
The ogre hits you with a +0 giant spiked club!!
You die...

.. ##..## ......
...... ...... ......
.. ......
#########.....#.......
#ooooo......o.........
#.###@###... #.......
#.#8oTO8# #.......
#.#.Kogg# #.......
#o#..g..# #.......
#.#.....# #.......
#o#8...8########......
#.#######.............
#....o.o.#############
#........#############


You could see a troll (ally target), an orc warrior (ally target), a kobold
brigand, an ogre, a gnoll sergeant (ally target), 2 gnolls, an orc, 2 friendly
orc warriors, the friendly Spirok the orc priest, a friendly orc wizard and 2
friendly orcs.

Vanquished Creatures
  A two-headed ogre (D:9)
  Urug (D:10)
  An ugly thing (D:10)
  An ice statue (D:10)
  A hornet (D:10)
  6 yaks (D:9)
  A steam dragon (D:9)
  Menkaure (D:6)
  A water moccasin (D:6)
  2 orc warriors
  An ice beast (D:5)
  8 centaurs
  4 ogres
  3 kobold brigands
  A phantom (D:6)
  4 bullfrogs
  4 scorpions
  4 wights (D:7)
  2 killer bees (D:10)
  2 howler monkeys (D:10)
  An electric eel (D:9)
  A crimson imp (D:4)
  A quasit (D:8)
  2 orc priests (D:3)
  2 hounds
  Jessica (D:2)
  A gnoll bouda (D:8)
  6 iguanas
  Ijyb (D:3)
  8 orc wizards
  12 gnolls
  4 adders
  4 shadow imps (D:8)
  6 white imps
  An ufetubus (D:8)
  A worm (D:3)
  4 dart slugs
  17 orcs
  5 endoplasms
  4 giant cockroaches
  10 goblins
  2 hobgoblins
  9 jackals
  5 quokkas
  5 ball pythons
  6 bats
  2 frilled lizards
  12 kobolds
  2 rats (D:3)
184 creatures vanquished.

Vanquished Creatures (collateral kills)
  A two-headed ogre (D:10)
  Joseph (D:10)
  A gargoyle (D:10)
  Psyche (D:10)
  Prince Ribbit (D:9)
  2 wraiths (D:10)
  2 yaks (D:9)
  A steam dragon (D:9)
  A water moccasin (D:6)
  6 orc warriors
  3 centaurs (Bailey)
  2 kobold brigands
  A bullfrog (D:9)
  A gnoll sergeant (D:10)
  A wight (D:7)
  4 killer bees (D:10)
  A howler monkey (D:10)
  2 hounds
  6 gnolls
  2 shadow imps (D:8)
  2 white imps
  8 orcs
  A goblin (D:8)
  3 kobolds
54 creatures vanquished.

Vanquished Creatures (others)
  3 orc warriors
  3 orc priests
  An orc wizard (D:8)
  19 orcs
26 creatures vanquished.

Grand Total: 264 creatures vanquished

Notes
Turn   | Place    | Note
-------+----------+-------------------------------------------
     0 | D:1      | Jase the Hill Orc Fighter began the quest for the Orb.
     0 | D:1      | Reached XP level 1. HP: 19/19 MP: 1/1
   258 | D:1      | Reached skill level 3 in Axes
   297 | D:1      | Reached XP level 2. HP: 26/26 MP: 2/2
   392 | D:1      | Found Leenahem's Distillery.
   416 | D:1      | Bought a potion of curing for 42 gold pieces
   564 | D:1      | Reached skill level 4 in Axes
   643 | D:1      | Bought a potion of attraction for 42 gold pieces
   742 | D:1      | Found a faded altar of an unknown god.
   877 | D:1      | Prayed at the altar of an unknown god.
   877 | D:1      | Became a worshipper of Beogh the Brigand
   877 | D:1      | Reached * piety under Beogh
   935 | D:2      | Noticed Jessica
   951 | D:2      | Killed Jessica
   952 | D:2      | Reached skill level 1 in Invocations
   952 | D:2      | Reached XP level 3. HP: 17/31 MP: 2/4
  1027 | D:2      | Found Opeadioll's Antique Armour Shoppe.
  1053 | D:2      | Reached skill level 5 in Axes
  1183 | D:1      | Bought a potion of flight for 42 gold pieces
  1250 | D:2      | Reached XP level 4. HP: 39/39 MP: 5/5
  1648 | D:3      | Reached ** piety under Beogh
  1660 | D:3      | Reached XP level 5. HP: 28/45 MP: 6/6
  1662 | D:3      | Reached skill level 6 in Axes
  1845 | D:3      | Found a runed translucent door.
  1846 | D:3      | Noticed Crazy Yiuf
  1926 | D:3      | Noticed Ijyb
  1944 | D:3      | Killed Ijyb
  2331 | D:1      | Bought a potion of lignification for 42 gold pieces
  2578 | D:3      | Reached skill level 7 in Axes
  2578 | D:3      | Reached XP level 6. HP: 30/51 MP: 8/8
  2808 | D:4      | Reached *** piety under Beogh
  3076 | D:4      | Found a staircase to the Ecumenical Temple.
  3123 | D:4      | Reached skill level 8 in Axes
  3374 | D:5      | Entered Level 5 of the Dungeon
  3402 | D:5      | Reached XP level 7. HP: 57/57 MP: 10/10
  3447 | D:5      | Reached skill level 5 in Invocations
  3487 | D:5      | Reached skill level 9 in Axes
  3904 | D:5      | Reached XP level 8. HP: 59/64 MP: 12/12
  4189 | D:6      | Reached skill level 10 in Axes
  4207 | D:6      | Found Tyefojet's Antique Armour Shoppe.
  4244 | D:6      | Reached skill level 11 in Axes
  4287 | D:6      | Noticed Menkaure
  4557 | D:6      | Identified the +11 hand axe "Birelez" {speed, Int+3}
  4577 | D:6      | Killed Menkaure
  5108 | D:1      | Bought a potion of magic for 112 gold pieces
  5993 | D:7      | Reached skill level 12 in Axes
  6081 | D:7      | Reached XP level 9. HP: 71/71 MP: 14/14
  6126 | D:7      | Reached **** piety under Beogh
  6458 | D:8      | Found a white marble altar of Elyvilon.
  6504 | D:8      | Gained Beowulf as an ally
  6548 | D:8      | Found an ancient bone altar of Kikubaaqudgha.
  6628 | D:8      | Gained Bogdan as an ally
  6661 | D:8      | Gained Spirok as an ally
  6718 | D:8      | Found a flagged portal.
  6747 | Bailey   | Entered a bailey
  6834 | Bailey   | Reached skill level 5 in Fighting
  6834 | Bailey   | Reached skill level 13 in Axes
  6974 | Bailey   | Reached skill level 5 in Armour
  7011 | Bailey   | Reached XP level 10. HP: 48/83 MP: 16/16
  7366 | D:8      | Reached ***** piety under Beogh
  7490 | D:8      | Found a burning altar of Makhleb.
  7987 | D:9      | Your ally Bogdan died
  7994 | D:9      | Reached skill level 14 in Axes
  8399 | D:9      | Found an ornate altar of the Wu Jian Council.
  8400 | D:9      | Found a hazy altar of Hepliaklqana.
  8488 | D:9      | Noticed a two-headed ogre
  8497 | D:9      | Killed a two-headed ogre
  8498 | D:9      | Reached skill level 10 in Invocations
  8557 | D:9      | Noticed Prince Ribbit
  8561 | D:9      | Killed Prince Ribbit
  8829 | D:10     | Entered Level 10 of the Dungeon
  8842 | D:10     | Noticed a red ugly thing
  8848 | D:10     | Killed a red ugly thing
  8872 | D:10     | Noticed a gargoyle
  8879 | D:10     | Killed a gargoyle
  8880 | D:10     | Reached skill level 15 in Axes
  8885 | D:10     | Noticed Urug
  8897 | D:10     | Killed Urug
  8947 | D:10     | Paralysed by a hornet for 1 turns
  8951 | D:10     | Reached XP level 11. HP: 66/92 MP: 17/19
  9014 | D:10     | Noticed Psyche
  9017 | D:10     | Killed Psyche
  9060 | D:10     | Noticed a two-headed ogre
  9072 | D:10     | Killed a two-headed ogre
  9203 | D:10     | Your ally Beowulf died
  9348 | D:10     | Noticed Joseph
  9357 | D:10     | Killed Joseph
  9404 | D:10     | Found a staircase to the Orcish Mines.
  9418 | D:10     | Reached skill level 16 in Axes
  9420 | D:10     | Mangled by an ogre

Illustrated notes

Levels and vault maps discovered:
D:1:      moated_graveyard_arrival, layout_basic, serial_shops, shop_statue,
          shapermc_ecumenical_altar_mp_ritualfount
D:2:      layout_rooms, serial_shops, shop, uniq_jessica
D:3:      layout_rooms, kennysheep_minor_cross, uniq_crazy_yiuf_cottage,
          uniq_ijyb
D:4:      layout_basic, minmay_temple_entry_glassed_door,
          palyth_stone_intersect, minmay_fire_ice_demons
D:5:      layout_basic, kennysheep_dice
D:6:      layout_layer_cave, serial_shops, shop, uniq_menkaure
D:7:      layout_cave_pools
D:8:      layout_basic, kiku_gazebo_garden_becter, elyvilon_altar_1,
          mainiacjoe_overflow_brackets, serial_demonic, serial_demonic_c,
          serial_demonic_a, serial_demonic_d, serial_demonic_g, enter_bailey_3
D:9:      layout_small_grid, nicolae_overflow_two_pavilions, minivault_19,
          uniq_prince_ribbit1
D:10:     lemuel_ice_statue, layout_rooms,
          kennysheep_orc_monster_closet_entryway, uniq_joseph, uniq_urug,
          uniq_psyche

Skill      XL: |  1  2  3  4  5  6  7  8  9 10 11 |
---------------+----------------------------------+-----
Axes           | 3 4 5 7 8 9 12 13 15 16 | 16.0
Invocations    | 1 2 3 4 6 7 9 10 11 | 11.1
Fighting       | 5 7 8 |  8.1
Armour         | 5 6 7 |  7.4
Shields        | |  3.2

Action                     |  1- 3 |  4- 6 |  7- 9 | 10-12 || total
---------------------------+-------+-------+-------+-------++-------
  Melee: War axe           |    58 |    47 |       |       ||   105
         Battleaxe         |       |   138 |    81 |       ||   219
         Hand axe          |       |       |   111 |   145 ||   256
         Punch             |       |       |     1 |     1 ||     2
 Invoke: Recall Orcish Fol |       |       |       |     4 ||     4
         Give Item to Name |       |       |       |     1 ||     1
    Use: Scroll            |       |       |     7 |     3 ||    10
         Potion            |       |       |     3 |       ||     3
   Stab: Distracted        |       |       |     1 |     2 ||     3
 Armour: Scale mail        |    27 |       |       |       ||    27
         Plate armour      |       |   163 |   124 |    44 ||   331
  Dodge: Dodged            |    28 |    77 |    63 |    33 ||   201
  Block: Buckler           |    12 |    16 |       |       ||    28
